 Dungeon Crawl Stone Soup version 0.26.1-11-gd32895ea62 (webtiles) character file.

Game seed: 5943867264422060259

24 Kukuleta the Chiller (level 3, -14/25 HPs)
             Began as a Merfolk Ice Elementalist on June 22, 2021.
             Demolished by Sigmund
             ... wielding a +5 scythe of venom
              (16 damage)
             ... on level 1 of the Dungeon.
             The game lasted 00:04:13 (1355 turns).

Kukuleta the Chiller (Merfolk Ice Elementalist)     Turns: 1355, Time: 00:04:14

Health: -14/25     AC:  2    Str: 10    XL:     3   Next: 2%
Magic:  4/6        EV: 13    Int: 15    God:
Gold:   138        SH:  0    Dex: 14    Spells: 2/6 levels left

rFire    . . .     SeeInvis .   d - +0 short sword
rCold    + . .     Faith    .   (no shield)
rNeg     . . .     Spirit   .   a - +0 robe
rPois    .         Reflect  .   (no helmet)
rElec    .         Harm     .   (no cloak)
rCorr    .         Rampage  .   (no gloves)
Will     .....                  (no boots)
Stlth    ++........             (no amulet)
HPRegen  0.08/turn              (no ring)
MPRegen  0.10/turn              (no ring)

@: lethally poisoned (-14 -> -24)
A: change form in water, swift swim, stealthy swim, cold resistance 1, strong 1
a: no special abilities


You were on level 1 of the Dungeon.
You visited 1 branch of the dungeon, and saw 2 of its levels.

You collected 138 gold pieces.

Inventory:

Hand Weapons
 c - a +0 club
 d - a +0 short sword (weapon)
Armour
 a - a +0 robe (worn)
Scrolls
 e - a scroll of immolation {unknown}
 g - a scroll of blinking {unknown}
 i - a scroll of remove curse {unknown}
 j - a scroll of teleportation {unknown}
Potions
 b - a potion of brilliance {unknown}
 f - a potion of might {unknown}
 h - a potion of mutation


   Skills:
 + Level 0.5 Fighting
 - Level 2.9 Dodging
 - Level 2.2 Stealth
 + Level 2.2 Spellcasting
 * Level 5.0 Ice Magic


You had 2 spell levels left.
You knew the following spells:

 Your Spells              Type           Power        Failure   Level
a - Freeze                Ice            64%          2%          1
b - Ozocubu's Armour      Ice            16%          9%          3

Your spell library contained the following spells:

 Spells                   Type           Power        Failure   Level
 Frozen Ramparts          Ice            32%          9%          3
 Hailstorm                Conj/Ice       9%           61%         4
 Summon Ice Beast         Ice/Summ       9%           61%         4


Dungeon Overview and Level Annotations

Branches:
Dungeon (2/15)

Altars:

Annotations:
D:2 Sigmund


Innate Abilities, Weirdness & Mutations

You revert to your normal form in water.
You are very nimble and swift while swimming.
You are very stealthy in the water. (Stealth+)
Your flesh is cold resistant. (rC+)
Your muscles are strong. (Str +2)


Message History

You are more poisoned.
You climb upwards.
Reactivating autopickup.
* * * LOW HITPOINT WARNING * * *
You feel sick.
There is a stone staircase leading down here.
* * * LOW HITPOINT WARNING * * *
You feel sick.
* * * LOW HITPOINT WARNING * * *
You feel sick.
* * * LOW HITPOINT WARNING * * *
You feel sick.
* * * LOW HITPOINT WARNING * * *
You feel sick.
It was a potion of mutation.
You feel extremely strange.
You feel resistant to cold.
You feel stronger.
* * * LOW HITPOINT WARNING * * *
You feel sick. Something hits you!
Ouch! That really hurt!
You die...

##.######.# #.# # #.# #.#
#.# # #.# #.# #.# ##
#.######.# #.# .###
#......>.#######.# ...#
########.........# .#.#
##############.##.#####
##.####.............>.....#
##.#............@.......#.#
##.#.#...######.####.####.#
.[.......)...........# #.#
....##...######.###### #.#
##.####.## #.# #.# ...# #.#
#.# #.# #### #.# #.# #.#
#######.# #.#########.#
.)......# #...........#


There were no monsters in sight!

Vanquished Creatures
  3 leopard geckos (D:1)
  A giant cockroach (D:1)
  3 hobgoblins (D:1)
  2 frilled lizards (D:1)
  5 goblins (D:1)
  3 kobolds (D:1)
  3 rats (D:1)
20 creatures vanquished.

Notes
Turn   | Place    | Note
-------+----------+-------------------------------------------
     0 | D:1      | Kukuleta the Merfolk Ice Elementalist began the quest for
                  | the Orb.
     0 | D:1      | Reached XP level 1. HP: 13/13 MP: 3/3
   417 | D:1      | Reached XP level 2. HP: 19/19 MP: 3/5
  1198 | D:1      | Reached skill level 5 in Ice Magic
  1198 | D:1      | Reached XP level 3. HP: 25/25 MP: 4/6
  1202 | D:1      | Learned a level 3 spell: Ozocubu's Armour
  1338 | D:2      | Noticed Sigmund
  1355 | D:1      | Gained mutation: Your flesh is cold resistant. (rC+)
                  | [potion of mutation]
  1355 | D:1      | Gained mutation: Your muscles are strong. (Str +2) [potion
                  | of mutation]
  1355 | D:1      | Demolished by Sigmund

Illustrated notes

Levels and vault maps discovered:
D:1:      dpeg_arrival_shrine, layout_loops_ring
D:2:      layout_basic, old_standard_altar,
          nicolae_gozag_cash_rules_everything_around_me, serial_glass,
          glass_columns_a, glass_columns_b, glass_columns_a, glass_columns_b,
          glass_columns_a, glass_columns_a, glass_columns_b, glass_columns_b,
          glass_columns_a, glass_columns_c, minmay_lizard_king, uniq_natasha,
          uniq_sigmund

Skill      XL: |  1  2 |
---------------+-------+-----
Ice Magic      | 5 |  5.0
Fighting       | |  0.5
Dodging        | |  2.9
Stealth        | |  2.2
Spellcasting   | |  2.2

Action                   || total
-------------------------++-------
Melee: Club              ||    12
       Unarmed           ||     9
       Short sword       ||    39
 Cast: Freeze            ||    17
       Ozocubu's Armour  ||     1
  Use: Potion            ||     1
 Stab: Sleeping          ||     2
Armor: Robe              ||     6
Dodge: Dodged            ||    45
